 Dungeon Crawl Stone Soup version 0.18-a0-211-gcfb53b4 (console) character file.

130 endege the Skirmisher (level 4, -4/44 HPs)
             Began as a Minotaur Fighter on Nov 24, 2015.
             Killed by divine providence
             ... invoked by an orc priest
              (9 damage)
             ... on level 4 of the Dungeon.
             The game lasted 00:15:12 (1875 turns).

endege the Skirmisher (Minotaur Fighter)            Turns: 1875, Time: 00:15:13

Health: -4/44      AC:  8    Str: 21    XL:     4   Next: 90%
Magic:  3/3        EV:  9    Int:  5    God:
Gold:   246        SH: 11    Dex: 13    Spells: 0 memorised, 3 levels left

rFire  . . .     SeeInvis .     a - +0 trident
rCold  . . .     Clarity  .     b - +0 scale mail
rNeg   . . .     SustAt   .     c - +1 shield
rPois  .         Gourm    .     (helmet restricted)
rElec  .         Spirit   .     (no cloak)
rCorr  .         Warding  .     l - +0 pair of gloves
rMut   .         Stasis   .     (no boots)
MR     .....                    (no amulet)
Stlth  ..........               h - +2 ring of evasion
                                f - +3 ring of dexterity

@: not resistant to hostile enchantments, extremely unstealthy
A: retaliatory headbutt, horns 2
a: no special abilities


You were on level 4 of the Dungeon.
You were not hungry.

You visited 2 branches of the dungeon, and saw 4 of its levels.

You collected 246 gold pieces.

Inventory:

Hand Weapons
 a - a +0 trident (weapon)
 o - a +0 vampiric dagger
Armour
 b - a +0 scale mail (worn)
 c - a +1 shield (worn)
 l - a +0 pair of gloves (worn)
Jewellery
 f - a +3 ring of dexterity (left hand)
 h - a +2 ring of evasion (right hand)
Scrolls
 k - a scroll of remove curse
 n - 4 scrolls of identify {unknown}
 p - a scroll of random uselessness {unknown}
 q - a scroll of immolation {unknown}
 r - a scroll of magic mapping {unknown}
 t - a scroll of fear {unknown}
Potions
 d - a potion of might
 j - a potion of haste {unknown}
 m - 2 potions of curing
Comestibles
 e - 3 bread rations
 g - 2 beef jerkies
 i - 2 meat rations
 s - 4 fruits


   Skills:
 * Level 6.2 Fighting
 - Level 2.4 Polearms
 - Level 3.6 Armour
 + Level 4.5 Shields


You had 3 spell levels left.
You didn't know any spells.

Dungeon Overview and Level Annotations

Branches:
Dungeon (4/15)             Temple (1/1) D:4

Altars:
Ashenzari
Cheibriados
Dithmenos
Fedhas
Okawaru
Qazlal
Sif Muna
Trog
Vehumet
Xom
Yredelemnul
Zin
The Shining One


Innate Abilities, Weirdness & Mutations

You reflexively headbutt those who attack you in melee.
You have a pair of horns on your head.


Message History

Attack whom?
Press: ? - help, Dir - move target cursor, f/p - orc priest
Aim: an orc priest, wielding a trident You reach to attack!
You hit the orc priest.
The orc priest is moderately wounded.
The orc priest hits you but does no damage.
Attack whom?
Press: ? - help, Dir - move target cursor, f/p - orc priest
Aim: an orc priest, wielding a trident (moderately wounded)
You reach to attack!
You hit the orc priest.
The orc priest is heavily wounded.
The orc priest mumbles some strange prayers to Beogh against you.
Something smites you!
* * * LOW HITPOINT WARNING * * *
The orc priest hits you but does no damage.
Things that are here:
a club; a shiny ring mail The orc priest calls down the wrath of Beogh upon you.
Something smites you!
You die...

.#########.....#.##.#.##..##.#
.......................# .#
################.##.#..#..##
)###.......## #.............
............## #.......#..###
.###.........# #.##.#.#<..#
.###.......#.###......(#.##
...........................
.###.......##.##.##.####.###
.# ##########.##.##.####.# .#
#.##@....... . .# #######
#..#.##.#### .# #.....#
##.#.#... ## #.....# #..o#..#
#####.....#####..#..#
.................#./#
..................).#
#####.....######..#)#
#........# #..........#
#........# #..........#
#...###### #...!......#


You could see an orc priest.

Vanquished Creatures
  An orc wizard (D:4)
  A worker ant (D:4)
  2 adders (D:2)
  A gnoll (D:1)
  4 worms
  A giant gecko (D:1)
  6 orcs (D:4)
  3 ball pythons
  2 bats
  2 giant cockroaches (D:2)
  5 goblins
  6 hobgoblins
  3 kobolds (D:2)
  2 giant newts
  2 jackals (D:2)
  A quokka (D:2)
42 creatures vanquished.

Vanquished Creatures (others)
  7 toadstools (D:1)
7 creatures vanquished.

Grand Total: 49 creatures vanquished

Notes
Turn   | Place    | Note
--------------------------------------------------------------
     0 | D:1      | endege the Minotaur Fighter began the quest for the Orb.
     0 | D:1      | Reached XP level 1. HP: 19/19 MP: 0/0
   203 | D:1      | Reached skill level 4 in Fighting
   213 | D:1      | Reached XP level 2. HP: 27/27 MP: 1/1
   787 | D:2      | Reached XP level 3. HP: 25/35 MP: 2/2
   818 | D:2      | Reached skill level 5 in Fighting
  1349 | D:2      | Reached XP level 4. HP: 42/42 MP: 3/3
  1373 | D:2      | You fall through a shaft for 2 floors!
  1446 | D:4      | Found a shadowy altar of Dithmenos.
  1624 | D:4      | Found a staircase to the Ecumenical Temple.
  1632 | Temple   | Entered the Ecumenical Temple
  1863 | D:4      | Reached skill level 6 in Fighting
  1875 | D:4      | Killed from afar by an orc priest

Vault maps used:
D:1:      nagdon_arrival_zigzag_paths
D:2:      first_bread, st_stairs_10
D:4:      grunt_dithmenos_smoke, temple_statues, nrook_loot_triangle
Temple:   minmay_freezing_vapour_temple_12

Action                   |  1- 3 |  4- 6 || total
-------------------------+-------+-------++-------
Melee: Trident           |    81 |    37 ||   118
  Use: Scroll            |     2 |     1 ||     3
       Potion            |     2 |       ||     2
  Eat: Chunk             |     1 |     1 ||     2
       Fruit             |       |     1 ||     1
